 Dungeon Crawl Stone Soup version 0.23.2-1-ga50397a6bc (webtiles) character file.

Game seed: 6223694932966322094

73 Mrkan the Ruffian (level 4, -4/45 HPs)
             Began as a Troll Monk on May 19, 2019.
             Slain by a gnoll
             ... wielding a +0 halberd
              (10 damage)
             ... on level 2 of the Dungeon.
             The game lasted 00:01:11 (859 turns).

Mrkan the Ruffian (Troll Monk)                       Turns: 859, Time: 00:01:11

Health: -4/45      AC:  6    Str: 19    XL:     4   Next: 8%
Magic:  3/3        EV: 10    Int:  7    God:
Gold:   28         SH:  0    Dex: 12    Spells: 3/3 levels left

rFire    . . .     SeeInvis .     - Unarmed
rCold    . . .     Gourm    +   (no shield)
rNeg     . . .     Faith    .   a - +0 robe
rPois    .         Spirit   .   (helmet restricted)
rElec    .         Reflect  .   (no cloak)
rCorr    .         Harm     .   (gloves unavailable)
MR       .....                  (boots unavailable)
Stlth    ++........             (no amulet)
HPRegen  0.55/turn              (no ring)
MPRegen  0.08/turn              (no ring)

@: no status effects
A: large, unfitting armour, claws 3, fast metabolism 3, gourmand, regeneration
1, shaggy fur 1, tough skin 3
a: no special abilities


You were on level 2 of the Dungeon.
You were hungry.

You visited 1 branch of the dungeon, and saw 2 of its levels.

You collected 28 gold pieces.

Inventory:

Armour
 a - a +0 robe (worn)
Jewellery
 g - an uncursed ring of protection from cold {unknown}
Wands
 i - a wand of acid (8)
Scrolls
 c - a scroll of amnesia {unknown}
 d - a scroll of enchant weapon {unknown}
 e - 2 scrolls of blinking {unknown}
 f - 3 scrolls of teleportation {unknown}
 j - a scroll of remove curse {unknown}
Potions
 h - a potion of curing {unknown}
Comestibles
 b - 2 rations


   Skills:
 + Level 3.0 Fighting
 - Level 2.4 Dodging
 - Level 1.0 Stealth
 * Level 4.4 Unarmed Combat


You had 3 spell levels left.
You didn't know any spells.
Your spell library was empty.

Dungeon Overview and Level Annotations

Branches:
Dungeon (2/15)

Altars:
Ashenzari
Dithmenos


Innate Abilities, Weirdness & Mutations

You are too large for most types of armour.
You have claws for hands.
Your metabolism is lightning-fast.
You like to eat raw meat.
Your natural rate of healing is unusually fast.
You are covered in fur. (AC +1)
You have extremely tough skin. (AC +3)


Message History

The gnoll closely misses you. x2
You scratch the gnoll but do no damage.
The gnoll is severely wounded.
The gnoll barely misses you. x2
You scratch the gnoll.
The gnoll is almost dead.
The gnoll misses you.
You scratch the gnoll.
The gnoll is almost dead.
The gnoll completely misses you. The gnoll hits you.
You claw the gnoll!
You kill the gnoll!
You have reached level 4!
The gnoll hits you from afar with a +0 halberd!
* * * LOW HITPOINT WARNING * * *
The gnoll hits you but does no damage.
Things that are here:
a +0 spear; a gnoll corpse x2
You closely miss the gnoll. The gnoll hits you with a +0 halberd!
You die...

#.#.# #.#.#
#.#.# #.#.#
#######
#.#.#
......#
#.#.#
......#
#.#.#
......######
#)#.#
.>....'....#
#@#.#
......####.#
#g#.#
......# #.#
#.#.#
......# #.#
#.#.#
......# #.#
#.#.#
......# #.#
#.#.#
##########.#
#.#.#
#........#
#.#.#
##......##
#.#


You could see a gnoll.

Vanquished Creatures
  Natasha (D:2)
  3 gnolls (D:2)
  A giant cockroach (D:1)
  A goblin (D:1)
  3 hobgoblins
  2 bats (D:1)
  7 kobolds
  8 rats (D:1)
26 creatures vanquished.

Notes
Turn   | Place    | Note
-------+----------+-------------------------------------------
     0 | D:1      | Mrkan the Troll Monk began the quest for the Orb.
     0 | D:1      | Reached XP level 1. HP: 22/22 MP: 0/0
   173 | D:1      | Reached XP level 2. HP: 29/29 MP: 1/1
   746 | D:2      | Found a shattered altar of Ashenzari.
   766 | D:2      | Noticed Natasha
   773 | D:2      | Killed Natasha
   773 | D:2      | Reached skill level 4 in Unarmed Combat
   773 | D:2      | Reached XP level 3. HP: 30/36 MP: 2/2
   779 | D:2      | Found a shadowy altar of Dithmenos.
   857 | D:2      | Reached XP level 4. HP: 17/45 MP: 3/3
   859 | D:2      | Slain by a gnoll

Skill      XL: |  1  2  3 |
---------------+----------+-----
Unarmed Combat | 4 |  4.4
Fighting       | 3 |  3.0
Dodging        | |  2.4
Stealth        | |  1.0

Action                   |  1- 3 |  4- 6 || total
-------------------------+-------+-------++-------
Melee: Unarmed           |    56 |     1 ||    57
 Stab: Sleeping          |     1 |       ||     1
  Eat: Ration            |     1 |       ||     1
       Chunk             |     1 |       ||     1
Armor: Robe              |    14 |     1 ||    15
Dodge: Dodged            |    37 |       ||    37
